 Dungeon Crawl Stone Soup version 0.29.1-2-gbd0b4ee654 (webtiles) character file.

Game seed: 12004050201114196184

15855 Anriel the Martial Artist (level 12, -3/89 HPs)
             Began as a Demonspawn Monk on Oct 27, 2022.
             Was an Elder of Wu Jian.
             Slain by a freezing wraith (8 damage)
             ... on level 14 of the Dungeon.
             The game lasted 01:21:56 (13371 turns).

Anriel the Martial Artist (Demonspawn Monk)        Turns: 13371, Time: 01:21:57

Health: -3/89      AC:  6    Str: 20    XL:     12   Next: 4%
Magic:  12/12      EV: 17    Int: 14    God:    Wu Jian [****..]
Gold:   33         SH: 21    Dex: 18    Spells: 11/11 levels left

rFire   . . .      SeeInvis +     - Unarmed
rCold   + . .      Faith    .   K - +6 kite shield of Apathy {rC+ Will+}
rNeg    . . .      Spirit   .   f - +0 robe
rPois   .          Reflect  +   (no helmet)
rElec   .          Harm     .   j - +0 cloak
rCorr   .          Rampage  .   (no gloves)
Will    +....                   x - +2 pair of boots
Stlth   ++++......              y - amulet of reflection
HPRegen 0.24/turn               t - ring of see invisible
MPRegen 0.13/turn               l - +6 ring of strength

@: slowed, studying 2 skills, very slow
A: claws 2, foul stench 2, spiny 2, big brain 1
a: Renounce Religion, Wall Jump, Serpent's Lash


You were on level 14 of the Dungeon.
You worshipped Wu Jian.
Wu Jian was greatly pleased with you.
You visited 2 branches of the dungeon, and saw 13 of its levels.
You also visited: Sewer.

You collected 861 gold pieces.
You spent 828 gold pieces at shops.

Inventory:

Hand Weapons
 m - the +7 mace "Killer Klown's Peril" {holy, rF+ Str+4}
   (You took it off a centaur on level 7 of the Dungeon)

   It has been blessed by the Shining One to cause great damage to the undead
   and demons.
   Str:       It affects your strength (+4).
   rF:        It protects you from fire.
 p - a +4 dagger
 v - a +5 vorpal hand crossbow
 E - the +6 quarterstaff "Beastslayer" {protect, SInv}
   (You found it on level 5 of the Dungeon)

   It grants its wielder temporary protection when it strikes (+7 to AC).
   SInv:      It lets you see invisible.
 F - the +9 staff of Olgreb {rPois∞}
   (You found it on level 5 of the Dungeon)

   If the wielder is skilled in Evocations, they can envenom those struck by it,
   dealing poison damage which bypasses armour.
   It enhances your poison magic.
   It grants immunity to poison.
   It can be activated via the 'a'bility menu to radiate toxic energy, with
   effectiveness depending on Evocations skill.
Missiles
 Q - a throwing net
Armour
 f - a +0 robe (worn)
 j - a +0 cloak (worn)
 x - a +2 pair of boots (worn)
 K - the +6 kite shield of Apathy (worn) {rC+ Will+}
   (You acquired it on level 10 of the Dungeon)

   rC:        It protects you from cold.
   Will:      It increases your willpower.
 L - a +0 leather armour of fire resistance
 R - +0 acid dragon scales
Magical Staves
 s - a staff of earth
Jewellery
 b - a ring of poison resistance
 h - a ring of protection from fire
 l - a +6 ring of strength (right claw)
 o - an amulet of faith
 q - a +6 ring of intelligence
 t - a ring of see invisible (left claw)
 y - an amulet of reflection (around neck)
 D - a ring of resist corrosion
 M - a ring of protection from fire
 O - a ring of fire
Wands
 e - a wand of iceblast (7)
 A - a wand of charming (7)
 C - a wand of flame (28)
Scrolls
 a - 4 scrolls of identify
 c - 2 scrolls of teleportation
 d - a scroll of silence
 g - a scroll of enchant weapon
 n - 2 scrolls of summoning
 u - 2 scrolls of amnesia
 B - a scroll of poison
 J - a scroll of magic mapping
 P - a scroll of blinking
Potions
 i - 3 potions of haste
 k - a potion of brilliance
 r - 4 potions of attraction
 w - 2 potions of mutation
 z - a potion of magic
 G - a potion of might
 H - 2 potions of flight
 I - 2 potions of cancellation
 N - 3 potions of curing
 S - a potion of resistance


   Skills:
 + Level 6.9 Fighting
 + Level 6.9 Ranged Weapons
 + Level 0.3 Throwing
 * Level 10.2 Dodging
 + Level 6.9 Stealth
 + Level 4.3 Shields
 + Level 10.9 Unarmed Combat
 * Level 4.8 Evocations


You had 11 spell levels left.
You didn't know any spells.
Your spell library contained the following spells:

 Spells                   Type           Power      Damage    Failure   Level
 Apportation              Tloc           0%         N/A       63%         1
 Beastly Appendage        Tmut           0%         N/A       63%         1
 Necrotise                Necr           0%         1d4       63%         1
 Summon Small Mammal      Summ           0%         N/A       63%         1
 Ensorcelled Hibernation  Hex/Ice        0%         N/A       77%         2
 Wereblood                Tmut           0%         N/A       77%         2
 Gell's Gravitas          Tloc           0%         N/A       94%         3
 Spider Form              Tmut/Pois      0%         N/A       94%         3
 Teleport Other           Tloc           0%         N/A       94%         3
 Anguish                  Hex/Necr       0%         N/A       100%        4
 Blade Hands              Tmut           0%         N/A       100%        5
 Irradiate                Conj/Tmut      0%         3d11      100%        5
 Dispersal                Tloc           0%         N/A       100%        6
 Dragon Form              Tmut           0%         N/A       100%        7


Dungeon Overview and Level Annotations

Branches:
Dungeon (11/15)            Temple (1/1) D:7            Lair (0/5) D:10
    Orc (0/2) D:10          Sewer (visited)

Altars:
Ashenzari
Cheibriados
Dithmenos
Fedhas
Gozag
Hepliaklqana
Kikubaaqudgha
Makhleb
Nemelex Xobeh
Okawaru
Qazlal
Ru
Sif Muna
Trog
Uskayaw
Vehumet
Wu Jian
Xom
Yredelemnul

Shops:
D:2 (   D:6 (   D:10 ?   D:11 !(([

Portals:
Ice
Cave: D:14

Annotations:
D:5 3 runed translucent doors, kdlk's ghost, novice DrIE


Innate Abilities, Weirdness & Mutations

You have very sharp fingernails.
You sometimes emit foul miasma when damaged in melee.
You are mostly covered in sharp spines.
You have an unusually large brain. (Int +2)


Message History

Your extra speed is starting to run out.
You hear the faint crackling of a melting archway very nearby.
You start resting.
You feel yourself slow down.
You start resting.
You hear the faint crackling of a melting archway very nearby.
You start resting.
Found a frozen archway.
A freezing wraith comes into view.
Okay, then.
Okay, then.
You claw the freezing wraith!
The freezing wraith is moderately damaged.
A freezing wraith comes into view.
The freezing wraith closely misses you.
The freezing wraith hits you but does no damage.
You barely miss the freezing wraith.
The freezing wraith is moderately damaged.
You closely miss the freezing wraith.
The freezing wraith is moderately damaged.
You hear the faint crackling of a melting archway very nearby.
The freezing wraith hits you. The freezing wraith freezes you! You resist.
You emit a cloud of foul miasma!
The freezing wraith hits you. The freezing wraith drains your vigour!
You feel yourself slow down.
Unknown command.
You mangle the freezing wraith!!
The freezing wraith is almost destroyed.
You block the freezing wraith's attack. The freezing wraith hits you.
The freezing wraith hits you!
* * * LOW HITPOINT WARNING * * *
The freezing wraith freezes you! You resist.
* * * LOW HITPOINT WARNING * * *
You block the freezing wraith's attack.
The freezing wraith attacks as you move away!
You block the freezing wraith's attack. The freezing wraith barely misses you.
The freezing wraith attacks as you move away!
You block the freezing wraith's attack. x2; The freezing wraith hits you.
* * * LOW HITPOINT WARNING * * *
The freezing wraith freezes you! You resist.
You die...

*,,,,,,,*,,,,,,,,,,
*,,,,,,,*,,,,,,,,,,
*,,,,,,,*,,,,,,,,,,
*,,,,,,,*,,>,,,,,,,
###########*******+
#..........,,,,,,,,
###........).,,,,,,,,
#............,,,,,,,,
#.#.@W.......,,,,,,,,
#....WW....#*********
#..###'###...,,,*,,,,
#..# *.# *,,,,,,*,,,,
#..#**.#**,,,,,,*,,,,
##.#,,..,*,,,,,,*,,,,
#.#,,..,*..,,,,*,,,,
#.##,..##..,,,,,,,,,
#..##∩##....,,,,,,,,


You could see 3 freezing wraiths.

Vanquished Creatures
  Agnes (D:14)
  2 two-headed ogres (D:11)
  A centaur warrior (D:9)
  An obsidian statue (D:10)
  Pikel (D:3)
  A cyclops (D:11)
  An unseen horror (D:10)
  A komodo dragon (D:11)
  A troll (D:11)
  A hornet (D:9)
  25 yaks
  A wraith (D:11)
  3 wyverns
  Eustachio (D:5)
  2 basilisks (D:10)
  3 redbacks (D:5)
  Menkaure (D:5)
  9 water moccasins
  2 acid dragons (D:11)
  2 ice beasts
  5 orc warriors
  2 sky beasts
  2 ogres (D:4)
  3 centaurs
  A lemure (D:3)
  A phantom (D:5)
  2 kobold brigands
  2 necrophages (D:6)
  6 bullfrogs
  11 scorpions
  A gnoll sergeant (D:10)
  4 wights (D:8)
  11 killer bees
  4 howler monkeys
  4 hounds
  7 orc priests
  7 iguanas
  9 orc wizards
  2 human simulacra (D:10)
  11 gnolls
  13 adders
  A white imp (D:7)
  2 ufetubi
  3 worms
  3 dart slugs
  26 orcs
  15 ball pythons
  11 endoplasms
  16 giant cockroaches
  13 goblins
  21 hobgoblins
  5 jackals (D:1)
  28 kobolds
  12 quokkas
  3 bats
  21 frilled lizards
  9 rats
357 creatures vanquished.

Vanquished Creatures (others)
  An orc wizard (D:10)
  3 fungi (D:10)
  16 plants
20 creatures vanquished.

Grand Total: 377 creatures vanquished

Notes
Turn   | Place    | Note
-------+----------+-------------------------------------------
     0 | D:1      | Anriel the Demonspawn Monk began the quest for the Orb.
     0 | D:1      | Reached XP level 1. HP: 18/18 MP: 1/1
   322 | D:1      | Gained mutation: You have an unusually large brain. (Int
                  | +2) [demonic ancestry]
   322 | D:1      | Reached XP level 2. HP: 24/24 MP: 2/2
   927 | D:1      | Gained mutation: You have sharp fingernails. [demonic
                  | ancestry]
   927 | D:1      | Reached XP level 3. HP: 29/29 MP: 3/3
  1742 | D:2      | Found Soegab's Weapon Boutique.
  2078 | D:3      | Noticed a +0 hand axe
  2078 | D:3      | Noticed a +0 hand axe
  2079 | D:3      | Found a hide-covered altar of Uskayaw.
  2115 | D:3      | Reached XP level 4. HP: 19/35 MP: 4/4
  2424 | D:3      | Found a glowing drain.
  2441 | Sewer    | Entered a sewer
  2605 | Sewer    | Gained mutation: You may rarely emit foul miasma when
                  | damaged in melee. [demonic ancestry]
  2605 | Sewer    | Reached XP level 5. HP: 35/41 MP: 5/5
  2937 | Sewer    | Reached skill level 1 in Ranged Weapons
  2941 | Sewer    | HP: 2/41 [bullfrog (8)]
  2944 | Sewer    | Reached XP level 6. HP: 2/47 MP: 6/6
  3366 | D:3      | Found a sparkling altar of Nemelex Xobeh.
  3948 | D:4      | Noticed Pikel
  4269 | D:3      | Killed Pikel
  4270 | D:3      | Reached skill level 1 in Shields
  4270 | D:3      | Reached skill level 5 in Unarmed Combat
  4270 | D:3      | Gained mutation: You are partially covered in sharp spines.
                  | [demonic ancestry]
  4270 | D:3      | Reached XP level 7. HP: 15/53 MP: 7/7
  4739 | D:4      | Reached skill level 5 in Dodging
  4739 | D:4      | Reached XP level 8. HP: 57/60 MP: 8/8
  5090 | D:5      | Entered Level 5 of the Dungeon
  5090 | D:5      | Found the +9 staff of Olgreb {rPois∞}
  5360 | D:5      | Noticed Eustachio
  5360 | D:5      | Noticed Menkaure
  5394 | D:5      | Killed Eustachio
  5419 | D:5      | Found a runed translucent gate.
  5420 | D:5      | Found a runed translucent door.
  5435 | D:5      | Found a runed translucent gate.
  5435 | D:5      | Found a runed translucent gate.
  5435 | D:5      | Found a runed translucent gate.
  5453 | D:5      | Killed Menkaure
  5653 | D:5      | Gained mutation: You have very sharp fingernails. [demonic
                  | ancestry]
  5653 | D:5      | Reached XP level 9. HP: 59/66 MP: 9/9
  5658 | D:5      | Identified the +6 quarterstaff "Beastslayer" {protect,
                  | SInv}
  5734 | D:5      | Found a hazy altar of Hepliaklqana.
  5734 | D:5      | Found a stormy altar of Qazlal.
  5760 | D:5      | Noticed kdlk's ghost (novice DrIE)
  5870 | D:5      | Found a runed translucent gate.
  5870 | D:5      | Found a runed translucent gate.
  5872 | D:5      | Found a runed translucent door.
  5916 | D:5      | Reached skill level 5 in Stealth
  6576 | D:6      | Found Utose's Weapon Shoppe.
  7334 | D:6      | Gained mutation: You are mostly covered in sharp spines.
                  | [demonic ancestry]
  7334 | D:6      | Reached XP level 10. HP: 73/73 MP: 10/10
  7351 | D:6      | Found a blossoming altar of Fedhas.
  7811 | D:7      | Found a staircase to the Ecumenical Temple.
  7819 | Temple   | Entered the Ecumenical Temple
  8013 | Temple   | Became a worshipper of the Wu Jian Council
  8013 | Temple   | Reached * piety under Wu Jian
  8013 | Temple   | Reached ** piety under Wu Jian
  8033 | D:7      | Identified the +7 mace "Killer Klown's Peril" {holy, rF+
                  | Str+4}
  8047 | D:7      | HP: 2/73 [orc warrior/+0 scimitar (15)]
  8406 | D:7      | Reached skill level 5 in Fighting
  9331 | D:7      | Identified a scroll of acquirement
  9331 | D:7      | Acquired a +5 vorpal hand crossbow
  9610 | D:8      | Found an ancient bone altar of Kikubaaqudgha.
 10048 | D:8      | Acquired a manual of Dodging
 10072 | D:9      | Reached skill level 5 in Ranged Weapons
 10308 | D:9      | Found a radiant altar of Vehumet.
 10322 | D:9      | Reached skill level 1 in Evocations
 10325 | D:9      | Reached *** piety under Wu Jian
 10369 | D:9      | Noticed a centaur warrior
 10380 | D:9      | Killed a centaur warrior
 10426 | D:9      | Reached XP level 11. HP: 52/81 MP: 11/11
 10712 | D:10     | Entered Level 10 of the Dungeon
 10846 | D:10     | Reached skill level 10 in Unarmed Combat
 10855 | D:10     | HP: 4/81 [orc warrior/+0 battleaxe (22)]
 10892 | D:10     | Found a staircase to the Orcish Mines.
 11398 | D:10     | Found a staircase to the Lair.
 11457 | D:10     | HP: 2/81 [gnoll/+0 spear[a gnoll sergeant] (5)]
 11943 | D:10     | Noticed an obsidian statue
 11962 | D:10     | Reached **** piety under Wu Jian
 12086 | D:10     | Killed an obsidian statue
 12180 | D:10     | Found Ahyuwk's Magic Scroll Shop.
 12185 | D:10     | Bought a scroll of acquirement for 624 gold pieces
 12185 | D:10     | Bought a scroll of blinking for 90 gold pieces
 12185 | D:10     | Bought a scroll of blinking for 90 gold pieces
 12185 | D:10     | Bought a scroll of identify for 24 gold pieces
 12185 | D:10     | Acquired the +6 kite shield of Apathy {rC+ Will+}
 12366 | D:11     | Found Jolatu's Armour Shop.
 12388 | D:11     | Noticed a two-headed ogre
 12400 | D:11     | Killed a two-headed ogre
 12489 | D:11     | Found Lezisch's Antique Weapon Emporium.
 12581 | D:11     | Found Junih's Distillery.
 12593 | D:11     | Noticed a two-headed ogre
 12599 | D:11     | Killed a two-headed ogre
 12616 | D:11     | Reached skill level 10 in Dodging
 13011 | D:11     | Found Lallogag's Weapon Shop.
 13197 | D:11     | You fall into a shaft and drop 3 floors!
 13201 | D:14     | Noticed Agnes
 13202 | D:14     | Noticed a brown ugly thing
 13202 | D:14     | Noticed a brown ugly thing
 13221 | D:14     | Killed Agnes
 13222 | D:14     | Gained mutation: You sometimes emit foul miasma when
                  | damaged in melee. [demonic ancestry]
 13222 | D:14     | Reached XP level 12. HP: 22/89 MP: 12/12
 13365 | D:14     | Found a frozen archway.
 13371 | D:14     | Slain by a freezing wraith

Illustrated notes

Levels and vault maps discovered:
D:1:      minmay_arrival_up_and_down, layout_basic, minmay_pentomino_o4
D:2:      layout_loops_cross, serial_shops, nicolae_shop_bloodbath_and_beyond
D:3:      layout_basic, dancing_weapons_uskayaw, nemelex_spade_bored_becter,
          cheibrodos_sewer_entry_drain, minmay_starry_boxes
D:4:      layout_basic, grunt_ministairs_9, uniq_pikel
D:5:      kennysheep_six_static_rooms, layout_cave_pools,
          nicolae_tso_swordbearing_angel,
          chequers_temple_overflow_statue_of_worship, gammafunk_ghost_split,
          hangedman_decor_peaks_small, minmay_guarded_unrand_staff_of_olgreb,
          uniq_eustachio, uniq_menkaure
D:6:      corexii_shantytown, layout_basic, mainiacjoe_overflow_chevrons,
          serial_shops, nicolae_shop_hallway_stairs
D:7:      layout_loops_ring, minmay_temple_entry_sparse_star
D:8:      layout_rooms, mainiacjoe_overflow_surrounded_room, lemuel_doored_altar
D:9:      layout_cave_pools, mainiacjoe_overflow_concentric_impassable
D:10:     layout_gridville, minmay_lair_entry_grove,
          minmay_orc_entry_temple_small, serial_shops, kennysheep_little_box,
          minivault_16, bh_circular_ruins
D:11:     layout_loops_ring, serial_shops, nicolae_shop_hallway_stairs, shop,
          shop, shop, nicolae_shop_behind_doors,
          nicolae_trove_entry_path_of_doom
D:14:     layout_grid_maze, serial_demonic, serial_demonic_f, serial_demonic_c,
          serial_demonic_c, serial_demonic_f,
          portal_ice_cave_entry_frozen_things, onia_ninara_cookie, uniq_agnes
Temple:   nicolae_temple_bog_church

Skill      XL: |  1  2  3  4  5  6  7  8  9 10 11 |
---------------+----------------------------------+-----
Unarmed Combat | 3 4 5 6 7 8 9 10 | 10.9
Dodging        | 3 4 5 6 7 8 10 | 10.2
Stealth        | 2 3 5 6 |  6.9
Ranged Weapons | 1 2 4 5 6 |  6.9
Shields        | 1 2 3 4 |  4.3
Fighting       | 4 5 6 |  6.9
Evocations     | 2 4 |  4.8
Throwing       | |  0.3

Action                   |  1- 3 |  4- 6 |  7- 9 | 10-12 || total
-------------------------+-------+-------+-------+-------++-------
Melee: Unarmed           |   172 |   228 |   235 |   285 ||   920
       Punch             |     4 |     5 |    13 |    16 ||    38
 Fire: Sling             |     6 |    41 |    40 |     2 ||    89
       Hand crossbow     |       |       |       |    88 ||    88
       Shortbow          |       |       |       |     8 ||     8
Throw: Throwing net      |       |       |     3 |     1 ||     4
Invok: Whirlwind         |       |       |       |    46 ||    46
       Lunge             |       |       |       |    12 ||    12
 Abil: Wall Jump         |       |       |       |     1 ||     1
Evoke: Wand              |       |       |     1 |     5 ||     6
  Use: Potion            |       |     5 |     1 |    10 ||    16
       Scroll            |       |    12 |     3 |    18 ||    33
 Stab: Sleeping          |     7 |     4 |    20 |     5 ||    36
       Held in net/web   |       |       |     2 |       ||     2
       Distracted        |       |       |     1 |     2 ||     3
Armor: Robe              |    24 |    43 |    24 |    41 ||   132
Dodge: Dodged            |   103 |   132 |   108 |   133 ||   476
Block: Other             |       |    37 |    48 |    33 ||   118
       Reflection        |       |     1 |       |     2 ||     3
       Kite shield       |       |       |       |    63 ||    63
